 Dungeon Crawl Stone Soup version 0.30.1 (webtiles) character file.

Game seed: 4221030599336329961

1745 BreadTh the Arsonist (level 9, -8/88 HPs)
             Began as an Ogre Fire Elementalist on July 5, 2023.
             Mangled by Ayven's ghost (12 damage)
             ... on level 6 of the Dungeon.
             The game lasted 00:31:47 (6588 turns).

BreadTh the Arsonist (Ogre Fire Elementalist)       Turns: 6588, Time: 00:31:48

Health: -8/88      AC:  4    Str: 14      XL:     9   Next: 6%
Magic:  10/17      EV: 14    Int: 20      God:
Gold:   362        SH:  0    Dex:  8 (9)  Spells: 5/18 levels left

rFire   . . .        s - +0 flail (protect)
rCold   . . .        (no shield)
rNeg    . . .        k - +0 robe {Archmagi}
rPois   .            (helmet restricted)
rElec   .            C - +0 cloak
rCorr   .            (gloves unavailable)
SInv    .            (boots unavailable)
Will    .....        (no amulet)
Stlth   ++           t - +5 ring of evasion
HPRegen 0.34/turn    I - ring of flight
MPRegen 0.15/turn

%: archmagi
@: about to teleport, flying, unable to drink
A: large, unfitting armour, tough skin 1, horns 1, deterioration 1, inability to
drink after injury 1
a: no special abilities


You were on level 6 of the Dungeon.
You visited 1 branch of the dungeon, and saw 6 of its levels.

You collected 362 gold pieces.

Inventory:

Hand Weapons
 s - a +0 flail of protection (weapon)
 z - a +0 giant spiked club
 E - a +2 halberd of freezing
 F - a +1 falchion of holy wrath
 K - a +1 dagger of venom
Missiles
 m - 37 stones
 q - 23 poisoned darts
 J - a throwing net
Armour
 a - a +0 robe
 k - a +0 robe of the Archmagi (worn)
 C - a +0 cloak (worn)
Jewellery
 t - a +5 ring of evasion (left hand)
 y - a ring of protection from cold
 B - a ring of protection from cold
 G - the ring of Shadows {Umbra +Inv Stlth+}
   (You found it on level 6 of the Dungeon)

   [ring of stealth]

   Umbra:     It surrounds you with an aura of shadow, increasing your stealth
   and reducing the accuracy of all others within it.
   +Inv:      It lets you turn invisible.
   Stlth:     It makes you more stealthy.
 I - a ring of flight (right hand)
Wands
 j - a wand of flame (23)
 v - a wand of paralysis (7)
Scrolls
 d - a scroll of summoning {unknown}
 e - a scroll of fear {unknown}
 g - 4 scrolls of teleportation
 h - 2 scrolls of fog {unknown}
 l - 3 scrolls of vulnerability {unknown}
 o - 4 scrolls of identify {unknown}
 r - 2 scrolls of brand weapon {unknown}
 u - a scroll of magic mapping {unknown}
 w - a scroll of immolation {unknown}
 x - a scroll of enchant weapon {unknown}
 A - a scroll of noise {unknown}
 D - a scroll of enchant armour {unknown}
Potions
 c - 2 potions of curing
 f - 2 potions of lignification
 i - a potion of might
 n - a potion of flight
 p - 2 potions of cancellation


   Skills:
 + Level 5.5 Fighting
 * Level 2.0 Maces & Flails
 - Level 2.0 Dodging
 - Level 2.0 Stealth
 + Level 5.3 Spellcasting
 - Level 0.8 Conjurations
 + Level 8.6 Fire Magic


You had 5 spell levels left.
You knew the following spells:

 Your Spells              Type           Power      Damage    Failure   Level
a - Foxfire               Conj/Fire      100%       2x1d9     1%          1
b - Scorch                Fire           100%       2d9       1%          2
c - Inner Flame           Hex/Fire       33%        N/A       6%          3
d - Volatile Blastmotes   Fire/Tloc      66%        2d15      6%          3
e - Flame Wave            Conj/Fire      36%        2d10      16%         4

Your spell library contained the following spells:

 Spells                   Type           Power      Damage    Failure   Level
 Magic Dart               Conj           52%        1d5       8%          1
 Apportation              Tloc           16%        N/A       11%         1
 Searing Ray              Conj           26%        2d5       12%         2
 Call Canine Familiar     Summ           8%         N/A       32%         3
 Summon Guardian Golem    Hex/Summ       8%         N/A       32%         3
 Fulminant Prism          Conj/Hex       5%         3d7       67%         4
 Passage of Golubria      Tloc           8%         N/A       73%         4
 Alistair's Intoxication  Tmut/Pois      5%         N/A       97%         5
 Silence                  Hex/Air        4%         N/A       97%         5
 Summon Mana Viper        Hex/Summ       8%         N/A       97%         5
 Orb of Destruction       Conj           6%         9d6       100%        7
 Lehudib's Crystal Spear  Conj/Erth      5%         10d3      100%        8


Dungeon Overview and Level Annotations

Branches:
Dungeon (6/15)
 Temple: D:4-7

Altars:

Portals:
Abyss: D:6

Annotations:
D:6 1 transporter, Ayven's ghost, novice MiHu


Innate Abilities, Weirdness & Mutations

You are too large for most types of armour.
You have tough skin. (AC +1)
You have a pair of small horns on your head.
Your body sometimes deteriorates upon taking damage.
You occasionally lose the ability to drink potions when taking damage.


Message History

The flame wave engulfs the thrashing horror.
The thrashing horror resists.
The thrashing horror is lightly damaged.
Ayven's ghost hits you but does no damage.
A wave of flame ripples out!
The flame wave engulfs Ayven's ghost.
Ayven's ghost resists.
Ayven's ghost is lightly damaged.
The flame wave engulfs the small abomination.
You destroy the small abomination!
The flame wave engulfs the thrashing horror.
The thrashing horror resists.
The thrashing horror is lightly damaged.
The flame wave engulfs the small abomination!
The small abomination is severely damaged.
You finish channelling waves of flame.
You hear a shout!
Ayven's ghost closely misses you.
You feel your dexterity returning.
Your Maces & Flails skill increases to level 2!
You have reached level 9!
Your experience leads to an increase in your attributes!
Increase (S)trength, (I)ntelligence, or (D)exterity?
You feel clever. x2; You feel stronger.
You feel better. Ayven's ghost hits you!
You feel threatened and lose the ability to drink potions!
* * * LOW HITPOINT WARNING * * *
Your body deteriorates!
You feel clumsy.
You cannot drink potions in your current state!
You cannot drink potions in your current state!
Okay, then.
Okay, then.
You cannot drink potions in your current state!
Okay, then.
Casting: Flame Wave (dangerous; 16% risk of failure)
Confirm with . or Enter, or press ? or * to list all spells.
Okay, then.
As you read the scroll labelled NIUBBYCOAD, it crumbles to dust.
You feel strangely unstable.
It was a scroll of teleportation.
Ayven's ghost hits you!
You die...

#...#o##..#x.#...##..##
#..##.##..##.:#.#.#...#
#..##.##...###...##...#
#..###.##.... #.##....# ####
#..## .####.##..# ....# ..[#
#...###...###.#####...#
##.########.....#Xx.∩..#.#..#©..#
#.............##W##..# #..##...#
#.######.....##@#5.u.# #.##....#
#.# ###...##..#####.##.#...).#
#.# #.....#.#..#..##...##....#
##.## #.##..##.###...###..#...##
....####.##...###.......####....#
.~~.~~##.##............)........#
~~~~~≈≈.###....)................#
~~≈≈≈≈~≈≈##.)..########.........#
#~~~≈≈≈≈≈~#.##.######...........#


You could see a thrashing horror, a small abomination and Ayven's ghost.

Vanquished Creatures
  A small abomination (D:6)
  An ice beast (D:6)
  A water moccasin (D:6)
  A sky beast (D:6)
  An ogre (D:4)
  A centaur (D:6)
  Blork the orc (D:5)
  A kobold brigand (D:6)
  2 scorpions
  3 wights (D:6)
  4 electric eels (D:6)
  A jelly (D:6)
  4 hounds
  2 orc priests
  A sleepcap (D:5)
  2 orc wizards (D:3)
  11 gnolls
  6 adders
  A white imp (D:5)
  An ufetubus (D:5)
  4 worms
  16 dart slugs
  13 orcs
  6 ball pythons
  6 endoplasms
  5 giant cockroaches
  2 goblins
  11 hobgoblins
  8 jackals (D:1)
  8 kobolds
  3 quokkas
  5 bats
  3 frilled lizards
  5 rats
141 creatures vanquished.

Vanquished Creatures (others)
  496 foxfires
496 creatures vanquished.

Grand Total: 637 creatures vanquished

Notes
Turn   | Place    | Note
-------+----------+-------------------------------------------
     0 | D:1      | BreadTh the Ogre Fire Elementalist began the quest for the
                  | Orb.
     0 | D:1      | Reached XP level 1. HP: 16/16 MP: 3/3
   128 | D:1      | Reached XP level 2. HP: 13/26 MP: 0/5
   302 | D:1      | Reached skill level 1 in Fighting
   351 | D:1      | Learned a level 2 spell: Scorch
   388 | D:1      | Reached skill level 3 in Fire Magic
   551 | D:1      | Reached XP level 3. HP: 32/33 MP: 2/7
   809 | D:1      | Found a faded altar of an unknown god.
  1155 | D:2      | Reached XP level 4. HP: 42/42 MP: 3/8
  2058 | D:3      | Reached XP level 5. HP: 50/50 MP: 2/10
  2380 | D:3      | Reached skill level 4 in Fire Magic
  2906 | D:4      | Reached XP level 6. HP: 59/61 MP: 3/11
  3818 | D:4      | Reached skill level 5 in Fire Magic
  4056 | D:4      | Got Dotru's Secrets of Vehement Convocation
  4214 | D:5      | Entered Level 5 of the Dungeon
  4270 | D:5      | Reached XP level 7. HP: 70/70 MP: 0/13
  4561 | D:5      | Noticed Blork the orc
  4572 | D:5      | Killed Blork the orc
  4591 | D:5      | Learned a level 3 spell: Inner Flame
  4595 | D:5      | Learned a level 3 spell: Volatile Blastmotes
  4600 | D:5      | Learned a level 4 spell: Flame Wave
  5315 | D:6      | Reached skill level 5 in Fighting
  5317 | D:6      | Noticed Ayven's ghost (novice MiHu)
  5317 | D:6      | Noticed a thrashing horror
  5320 | D:6      | Noticed a red ugly thing
  5512 | D:6      | Reached skill level 5 in Spellcasting
  5564 | D:6      | Reached skill level 6 in Fire Magic
  5582 | D:6      | Found a one-way gate to the infinite horrors of the Abyss.
  5599 | D:6      | Reached XP level 8. HP: 72/80 MP: 10/15
  5674 | D:6      | Reached skill level 7 in Fire Magic
  6157 | D:6      | Reached skill level 8 in Fire Magic
  6180 | D:6      | Found a transporter.
  6181 | D:6      | Found the ring of Shadows {Umbra +Inv Stlth+}
  6346 | D:6      | Reached skill level 1 in Maces & Flails
  6508 | D:6      | Found a transporter.
  6580 | D:6      | Gained mutation: You occasionally lose the ability to drink
                  | potions when taking damage. [potion of mutation]
  6580 | D:6      | Gained mutation: Your body sometimes deteriorates upon
                  | taking damage. [potion of mutation]
  6580 | D:6      | Gained mutation: You have a pair of small horns on your
                  | head. [potion of mutation]
  6587 | D:6      | Reached XP level 9. HP: 12/88 MP: 10/17
  6587 | D:6      | HP: 4/88 [Ayven's ghost (14)]
  6588 | D:6      | Mangled by Ayven's ghost

Illustrated notes

Levels and vault maps discovered:
D:1:      saegor_arrival_miasma, layout_rooms, ebering_ecumenical_altar_mist
D:2:      layout_rooms
D:3:      layout_rooms, hex_intersection
D:4:      layout_loops_corners
D:5:      layout_loops_ring, minmay_holes, uniq_blork_the_orc
D:6:      kennysheep_slugbush, layout_basic, gammafunk_ghost_abyssal_escape,
          chequers_avenue

Skill      XL: |  1  2  3  4  5  6  7  8 |
---------------+-------------------------+-----
Fighting       | 1 2 3 4 5 |  5.5
Dodging        | 2 |  2.0
Fire Magic     | 3 4 5 6 8 |  8.6
Spellcasting   | 3 4 5 |  5.3
Stealth        | 2 |  2.0
Maces & Flails | 2 |  2.0
Conjurations   | |  0.8

Action                     |  1- 3 |  4- 6 |  7- 9 || total
---------------------------+-------+-------+-------++-------
  Melee: Unarmed           |    37 |       |       ||    37
         Bardiche          |     1 |     1 |       ||     2
         Flail             |       |     9 |    24 ||    33
   Cast: Foxfire           |    56 |   115 |   132 ||   303
         Scorch            |     4 |     7 |    16 ||    27
         Flame Wave        |       |       |     2 ||     2
    Use: Potion            |       |       |     9 ||     9
         Scroll            |       |       |     1 ||     1
   Stab: Sleeping          |       |     1 |     1 ||     2
 Armour: Robe              |    33 |     3 |    15 ||    51
         Skin              |       |       |     2 ||     2
  Dodge: Dodged            |    59 |    25 |    59 ||   143
